cohdb
Replays
Latest Replays
All Replays
Popular Replays
Top Player Replays
Match Explorer
How It Works
Community
CoH3 Stats
Reddit
Sign in to upload your games and track your stats! →
Sign in with Steam
Match 43054858
Unlisted
Match 43054858
Overview
Messages
Build Orders
End
Kettenkrad Recon Vehicle
Construct Infanterie Kompanie
MG 42 Machine Gun Team
Selects Terror Battlegroup
MG 42 Machine Gun Team
Grenadier Squad
Construct Panzergrenadier Kompanie
GrW 34 Mortar Team
Selects Machine Gun Camouflage
Medical Station
Pak 40 Anti-tank Gun Team
251 Medium Carrier
Panzergrenadier Squad
Construct Panzer Kompanie
Pioneer Squad
Sturmpanzer IV Brummbär
Selects Contempt for the Weak
Selects Contempt for the Weak
Selects Propaganda Leaflet Drop
Selects V1 Rocket Strike
Selects Contempt for the Weak
Selects Propaganda Leaflet Drop
Selects V1 Rocket Strike
251 Medium Carrier
V1 Rocket Strike
Bonpoint
Grover the Trash Hermit
woof_raff
Friendly Mouse(Poxie)
0
0
Comments
sign in to comment!
No comments posted yet!